 Dungeon Crawl Stone Soup version 0.31-a0-1074-g0b22e4e0f1 (webtiles) character file.

Game seed: 4782388792502934702

5042 backslashecho the Fighter (level 10, 0/90 HPs)
             Began as a Human Warper on Dec 4, 2023.
             Was a Believer of Uskayaw.
             Slain by a manticore (4 damage)
             ... on level 7 of the Dungeon.
             The game lasted 00:18:50 (9211 turns).

backslashecho the Fighter (Human Warper)            Turns: 9211, Time: 00:18:50

Health: 0/90       AC: 12    Str: 16    XL:     10   Next: 85%
Magic:  0/14       EV:  8    Int: 13    God:    Uskayaw [**....]
Gold:   353        SH:  0    Dex: 19    Spells: 11/13 levels left

rFire   . . .        a - +1 hand axe
rCold   . . .        (no shield)
rNeg    . . .        n - +1 chain mail
rPois   .            (no helmet)
rElec   .            (no cloak)
rCorr   .            j - +0 pair of gloves
SInv    +            (no boots)
Will    .....        h - amulet of guardian spirit Stlth
                     f - +6 ring of dexterity
HPRegen 0.35/turn    q - ring of see invisible
MPRegen 0.14/turn

%: guardian spirit
@: invisible
A: no striking features
a: Renounce Religion, Stomp, Line Pass


You were on level 7 of the Dungeon.
You worshipped Uskayaw.
Uskayaw was noncommittal.
You visited 2 branches of the dungeon, and saw 8 of its levels.

You collected 353 gold pieces.

Inventory:

Hand Weapons
 a - a +1 hand axe (weapon)
 w - a +0 war axe
Missiles
 b - 18 poisoned darts (quivered)
 d - 7 darts of dispersal
 k - 66 stones
 t - 2 throwing nets
Armour
 j - a +0 pair of gloves (worn)
 n - a +1 chain mail (worn)
Jewellery
 f - a +6 ring of dexterity (left hand)
 h - an amulet of guardian spirit (around neck)
 q - a ring of see invisible (right hand)
Wands
 v - a wand of quicksilver (8)
 y - a wand of polymorph (3)
Scrolls
 c - a scroll of blinking
 i - a scroll of identify
 l - a scroll of fog
 r - 2 scrolls of teleportation
 x - a scroll of torment
 z - a scroll of silence {unknown}
Potions
 o - a potion of mutation
 p - a potion of magic
 s - 2 potions of curing


   Skills:
 - Level 12.3 Fighting
 * Level 8.7 Axes
 - Level 2.0 Throwing
 + Level 5.8 Armour
 - Level 2.0 Dodging
 - Level 1.0 Unarmed Combat
 - Level 2.0 Spellcasting
 - Level 3.0 Translocations
 + Level 5.6 Invocations


You had 11 spell levels left.
You knew the following spells:

 Your Spells              Type           Power      Damage    Failure   Level
a - Blink                 Tloc           18%        N/A       75%         2

Your spell library contained the following spells:

 Spells                   Type           Power      Damage    Failure   Level
 Lesser Beckoning         Tloc           18%        N/A       75%         2
 Teleport Other           Tloc           9%         N/A       92%         3
 Ensorcelled Hibernation  Hex/Ice        2%         N/A       98%         2
 Passwall                 Tmut/Erth      0%         N/A       98%         2
 Sublimation of Blood     Necr           1%         N/A       98%         2
 Inner Flame              Hex/Fire       1%         N/A       100%        3
 Swiftness                Air            1%         N/A       100%        3
 Flame Wave               Conj/Fire      1%         2d4       100%        4
 Manifold Assault         Tloc           9%         N/A       100%        4
 Petrify                  Tmut/Erth      1%         N/A       100%        4
 Sticky Flame             Conj/Fire      1%         2d3       100%        4
 Vhi's Electric Charge    Tloc/Air       10%        N/A       100%        4
 Irradiate                Conj/Tmut      0%         3d11      100%        5


Dungeon Overview and Level Annotations

Branches:
Dungeon (7/15)             Temple (1/1) D:4

Altars:
Ashenzari
Cheibriados
Dithmenos
Elyvilon
Fedhas
Gozag
Hepliaklqana
Kikubaaqudgha
Makhleb
Nemelex Xobeh
Qazlal
Sif Muna
Trog
Uskayaw
Vehumet
Wu Jian
Xom
Yredelemnul
Zin
The Shining One

Shops:
D:7 *


Message History

You catch the helpless manticore completely off-guard!
You hit the manticore.
The manticore is moderately wounded.
The manticore bites you. The manticore barely misses you.
The manticore claws you but does no damage.
You take 5 damage, and have 46/90 hp.
You strike the helpless manticore from behind!
You hit the manticore.
The manticore is heavily wounded.
The manticore bites you but does no damage.
The manticore completely misses you. The manticore barely misses you.
You completely miss the manticore.
You punch the manticore, but do no damage.
The manticore is heavily wounded.
The manticore bites you! The manticore claws you!
The manticore claws you but does no damage.
You take 19 damage, and have 28/90 hp.
MASSIVE DAMAGE!!
You now have 4/14 mp.
You are too injured to fight recklessly!
You are too injured to fight recklessly!
You are too injured to fight recklessly!
You are too injured to fight recklessly!
You are too injured to fight recklessly!
You are too injured to fight recklessly!
You are too injured to fight recklessly!
You are too injured to fight recklessly!
You are too injured to fight recklessly!
You are too injured to fight recklessly!
You are too injured to fight recklessly!
You are too injured to fight recklessly!
You are too injured to fight recklessly!
You are too injured to fight recklessly!
You are too injured to fight recklessly!
You are too injured to fight recklessly!
You are too injured to fight recklessly!
You are too injured to fight recklessly!
You catch the helpless manticore completely off-guard!
You hit the manticore but do no damage.
The manticore is heavily wounded.
The manticore bites you!
* * * LOW HITPOINT WARNING * * *
The manticore claws you.
* * * LOW HITPOINT WARNING * * *
The manticore barely misses you.
You take 8 damage, and have 20/90 hp.
You now have 3/14 mp.
You hit the manticore.
The manticore is heavily wounded.
The manticore bites you!!
* * * LOW HITPOINT WARNING * * *
The manticore claws you.
You die...

##.#.#.#.#.##.#......
+.#.#.#.#.#.'.#......
##.#.#.#.#.##........
#.#.#.#.#.#.#.......#
##.#.#.#.#.##.#....##
##
##.#รท#.#.##........#
..#
##.#)#.##....#....#
###'##
###+###....####...
#..#..#
##@....##....# #...
..#.#..#
##H#####.##...###...
.#...#.)###.##
##.##...##..#
#..#..#..#..#.##
##.#...##..#
#.#..#.#..#.##(#
#.#...##..#
'#..#...#..#'##(#
#.')#..####
#.#..#.#..#.#.#Y#
#.#.#...#8.
#..#..#..#..#.##T
##.#.#####..
##..#...#..###.##.
##.##...##...


You could see a manticore (unable to see you).

Vanquished Creatures
  A two-headed ogre (D:7)
  Maggie (D:6)
  A kobold demonologist (D:7)
  2 trolls (D:7)
  A yak (D:7)
  A steam dragon (D:7)
  A vampire mosquito (D:7)
  Edmund (D:6)
  3 water moccasins (D:7)
  A black bear (D:5)
  2 ice beasts
  A sky beast (D:7)
  6 ogres
  3 centaurs
  3 phantoms
  Blork the orc (D:5)
  A kobold brigand (D:4)
  A bullfrog (D:6)
  3 scorpions (D:5)
  A howler monkey (D:5)
  An orc priest (D:6)
  3 hounds (D:6)
  3 jellies
  2 sleepcaps
  Jessica (D:2)
  An iguana (D:4)
  3 orc wizards
  Natasha (thrice) (D:4)
  4 gnolls (D:5)
  11 adders
  A shadow imp (D:5)
  A white imp (D:7)
  3 ufetubi
  2 worms
  2 dart slugs
  25 orcs
  7 endoplasms
  9 goblins
  7 hobgoblins
  3 jackals (D:4)
  5 quokkas
  6 ball pythons
  3 bats
  4 frilled lizards
  9 kobolds
  8 rats
162 creatures vanquished.

Vanquished Creatures (others)
  A troll (D:7)
  An ufetubus (D:7)
  2 orcs
4 creatures vanquished.

Grand Total: 166 creatures vanquished

Notes
Turn   | Place    | Note
-------+----------+-------------------------------------------
     0 | D:1      | backslashecho the Human Warper began the quest for the Orb.
     0 | D:1      | Reached XP level 1. HP: 16/16 MP: 3/3
   298 | D:1      | Reached XP level 2. HP: 19/22 MP: 3/5
   917 | D:2      | Reached XP level 3. HP: 15/27 MP: 4/6
  1065 | D:2      | Reached skill level 1 in Unarmed Combat
  1148 | D:2      | Reached XP level 4. HP: 34/34 MP: 7/7
  1232 | D:2      | Noticed Jessica
  1240 | D:2      | Killed Jessica
  1374 | D:2      | Found a faded altar of an unknown god.
  1673 | D:3      | Reached XP level 5. HP: 22/39 MP: 5/8
  1935 | D:3      | Noticed a phantom
  1980 | D:3      | Reached skill level 12 in Fighting
  1980 | D:3      | Reached XP level 6. HP: 6/65 MP: 2/9
  1984 | D:3      | HP: 2/65 [phantom (3)]
  2239 | D:3      | Learned a level 2 spell: Blink
  2567 | D:3      | Reached XP level 7. HP: 70/71 MP: 10/10
  3193 | D:4      | Found a staircase to the Ecumenical Temple.
  3220 | Temple   | Entered the Ecumenical Temple
  3237 | Temple   | Became a worshipper of Uskayaw the Reveller
  3282 | D:4      | Reached * piety under Uskayaw
  3285 | D:4      | Reached ** piety under Uskayaw
  3779 | D:4      | Noticed Natasha
  3793 | D:4      | Killed Natasha
  3877 | D:4      | Found a radiant altar of Vehumet.
  3903 | D:4      | Noticed Natasha
  3912 | D:4      | Killed Natasha
  4028 | D:4      | Reached *** piety under Uskayaw
  4033 | D:4      | Reached **** piety under Uskayaw
  4034 | D:4      | Reached skill level 1 in Invocations
  4285 | D:5      | Entered Level 5 of the Dungeon
  4399 | D:5      | Reached XP level 8. HP: 53/77 MP: 7/11
  4505 | D:5      | Reached skill level 5 in Axes
  4712 | D:4      | Noticed Natasha
  4771 | D:4      | Killed Natasha
  4847 | D:5      | Found a glowing golden altar of the Shining One.
  5103 | D:5      | Found an ornate altar of the Wu Jian Council.
  5132 | D:5      | Noticed Blork the orc
  5133 | D:5      | Found a shimmering blue altar of Sif Muna.
  5153 | D:5      | Killed Blork the orc
  5573 | D:5      | Reached XP level 9. HP: 50/83 MP: 6/12
  5680 | D:5      | Found a stormy altar of Qazlal.
  5831 | D:5      | Found a shimmering altar of Xom.
  6600 | D:6      | Found an ancient bone altar of Kikubaaqudgha.
  6674 | D:6      | Noticed Edmund
  6696 | D:6      | Killed Edmund
  7176 | D:6      | Noticed Maggie
  7191 | D:6      | Killed Maggie
  7335 | D:6      | Found a glowing golden altar of the Shining One.
  7810 | D:7      | Reached XP level 10. HP: 90/90 MP: 13/13
  7827 | D:7      | Found Oruif's Island Escapes.
  7901 | D:7      | Noticed a kobold demonologist
  7916 | D:7      | Killed a kobold demonologist
  7916 | D:7      | Reached ***** piety under Uskayaw
  7917 | D:7      | Reached skill level 5 in Armour
  8539 | D:7      | Found a hide-covered altar of Uskayaw.
  8544 | D:7      | Noticed a two-headed ogre
  8557 | D:7      | Killed a two-headed ogre
  8558 | D:7      | Reached skill level 5 in Invocations
  9196 | D:7      | Noticed a manticore
  9211 | D:7      | HP: 4/90 [manticore (16)]
  9211 | D:7      | Slain by a manticore

Illustrated notes

Levels and vault maps discovered:
D:1:      minmay_arrival_hallway, layout_loops_ring, grunt_decor_clamped
D:2:      layout_rooms, shapermc_ecumenical_altar_gd, uniq_jessica
D:3:      layout_loops_ring, chequers_serial_rivers_marsh
D:4:      layout_gridville, mainiacjoe_overflow_alcove_4,
          minmay_temple_entry_junction, serial_co_window_serial,
          co_window_corner_a, co_window_of_opportunity_a, co_window_paths_a,
          co_window_corner_a, co_window_paths_a, co_window_paths_c,
          co_window_unsneaky_path_b, co_window_corner_b,
          co_window_of_opportunity_b, co_window_corner_b, co_window_paths_c,
          co_window_4corner_a, glass_columns_a, lexackson_kobold_supper,
          uniq_natasha
D:5:      layout_rooms, tgw_xom, mainiacjoe_overflow_two_lobes,
          hangedman_feature_mirror, uniq_blork_the_orc
D:6:      layout_basic, mainiacjoe_overflow_brackets,
          nicolae_kikubaaqudgha_miasma_corner, uniq_edmund, uniq_maggie
D:7:      minmay_the_grid_octo_2x2 [minmay_the_grid_octo_thin_diamonds,
          minmay_the_grid_octo_checkerflower, minmay_the_grid_octo_checkered,
          minmay_the_grid_octo_prize_single_spiral], layout_cave_pools,
          chequers_hall_statues_y, hangedman_feature_mirror,
          nicolae_island_escapes
Temple:   nicolae_temple_great_sept

Skill      XL: |  1  2  3  4  5  6  7  8  9 10 |
---------------+-------------------------------+-----
Unarmed Combat | 1 |  1.0
Axes           | 3 4 5 7 8 |  8.7
Armour         | 2 3 4 5 |  5.8
Throwing       | 2 |  2.0
Fighting       | 12 | 12.3
Invocations    | 1 2 4 5 |  5.6
Dodging        | |  2.0
Spellcasting   | |  2.0
Translocations | |  3.0

Action                     |  1- 3 |  4- 6 |  7- 9 | 10-12 || total
---------------------------+-------+-------+-------+-------++-------
  Melee: Hand axe          |    93 |   159 |   442 |   163 ||   857
         Punch             |       |       |     5 |     6 ||    11
         Unarmed           |       |       |     3 |       ||     3
  Throw: Dart              |       |       |    28 |     8 ||    36
  Evoke: Wand              |       |       |    14 |     7 ||    21
    Use: Potion            |       |     3 |       |     8 ||    11
         Scroll            |       |     1 |    14 |       ||    15
   Stab: Sleeping          |     1 |       |       |       ||     1
         Paralysed         |       |       |    26 |    13 ||    39
         Invisible         |       |       |       |    17 ||    17
 Armour: Leather armour    |    26 |       |       |       ||    26
         Chain mail        |    37 |   150 |   402 |   191 ||   780
         Scale mail        |     8 |       |       |       ||     8
  Dodge: Dodged            |    37 |    49 |   169 |    98 ||   353

Table legend: (Time is in decaauts)
 A = Elapsed time spent in this place.
 B = Non-inter-level travel time spent in this place.
 C = Inter-level travel time spent in this place.
 D = Time resting spent in this place.
 E = Time spent auto-exploring this place.
 F = Levels seen in this place.
 G = Mean time per level.
                   A        B        C        D        E       F      G
               +--------+--------+--------+--------+--------+-----+--------+
         Total |   9267 |   8673 |    594 |   1733 |   4853 |   8 | 1158.4 |
       Dungeon |   9240 |   8646 |    594 |   1733 |   4846 |   7 | 1320.0 |
        Temple |     27 |     27 |      0 |      0 |      7 |   1 |   27.0 |
               +--------+--------+--------+--------+--------+-----+--------+

Top non-repeatable levels by time:
     D:6: 2097 daAuts
     D:5: 1559 daAuts
     D:4: 1525 daAuts
     D:3: 1253 daAuts
     D:7: 1028 daAuts
     D:1: 948 daAuts
     D:2: 828 daAuts
  Temple: 27 daAuts
